 Dungeon Crawl Stone Soup version 0.23-a0-171-g5ae17c6 (webtiles) character file.

4811 Gildeon the Grappler (level 10, -1/96 HPs)
             Began as a Troll Fighter on Sept 15, 2018.
             Was a Follower of Ashenzari.
             Slain by a yak (13 damage)
             ... on level 9 of the Dungeon.
             The game lasted 00:28:00 (6274 turns).

Gildeon the Grappler (Troll Fighter)                Turns: 6274, Time: 00:28:01

Health: -1/96      AC:  6    Str: 26    XL:     10   Next: 24%
Magic:  15/15      EV: 12    Int:  5    God:    Ashenzari [*.....]
Gold:   358        SH:  0    Dex: 11    Spells: 16/17 levels left

rFire    . . .     SeeInvis .     - Unarmed
rCold    . . .     Gourm    +   (no shield)
rNeg     . . .     Faith    .   a - +0 robe
rPois    .         Spirit   .   (helmet restricted)
rElec    .         Reflect  .   c - +0 cloak
rCorr    .         Harm     .   (gloves unavailable)
MR       +....                  (boots unavailable)
Stlth    +.........             x - amulet of rage
HPRegen  0.66/turn              g - ring of protection from magic (curse)
MPRegen  0.14/turn              (no ring)

@: no status effects
A: large, unfitting armour, claws 3, fast metabolism 3, gourmand, regeneration
1, shaggy fur 1, tough skin 2
a: Curse Item, Scrying, Renounce Religion, Evoke Berserk Rage


You were on level 9 of the Dungeon.
You worshipped Ashenzari.
Ashenzari was aware of your devotion.
You were not hungry.

You visited 2 branches of the dungeon, and saw 10 of its levels.

You collected 418 gold pieces.
You spent 60 gold pieces at shops.

Inventory:

Hand Weapons
 e - a +1 giant club
Armour
 a - a +0 robe (worn)
 c - a +0 cloak (worn)
Jewellery
 g - a cursed ring of protection from magic (left claw)
 x - an amulet of rage (around neck)
Wands
 q - a wand of polymorph (14)
 r - a wand of iceblast (8)
 t - a wand of random effects (39)
 v - a wand of flame (13)
 y - a wand of acid (6)
Scrolls
 f - a scroll of blinking
 h - 3 scrolls of teleportation
 l - 2 scrolls of fog
 n - 2 scrolls of remove curse
 p - a scroll of fear
 z - a scroll of magic mapping {unknown}
Potions
 b - 5 potions of magic
 i - a potion of curing
 k - a potion of haste
 m - 2 potions of mutation
 o - a potion of flight
 s - a potion of resistance {unknown}
 u - a potion of lignification
 w - a potion of heal wounds {unknown}
Comestibles
 d - 17 rations


   Skills:
 - Level 5.0 Fighting
 - Level 5.0 Armour
 - Level 5.0 Dodging
   Level 2.4 Shields
 + Level 9.2 Unarmed Combat
 + Level 4.2 Spellcasting
 + Level 1.9 Evocations


You had 16 spell levels left.
You knew the following spells:

 Your Spells              Type           Power        Failure   Level  Hunger
a - Confusing Touch       Hex            #.....       34%         1    ##.....

Your spell library contained the following spells:

 Spells                   Type           Power        Failure   Level  Hunger
 Magic Dart               Conj           #...         34%         1    ##.....
 Summon Small Mammal      Summ           #...         34%         1    ##.....
 Call Imp                 Summ           #.......     47%         2    ###....
 Searing Ray              Conj           #.....       47%         2    ###....
 Call Canine Familiar     Summ           #.......     71%         3    ####...
 Confuse                  Hex            #.......     71%         3    ####...
 Dazzling Spray           Conj/Hex       #.....       71%         3    ####...
 Gell's Gravitas          Tloc           #.........   71%         3    ####...
 Summon Guardian Golem    Hex/Summ       #.......     71%         3    ####...
 Force Lance              Conj/Tloc      #.......     98%         4    #####..
 Fulminant Prism          Conj/Hex       #.........   98%         4    #####..
 Iskenderun's Mystic Bla  Conj           #.......     98%         4    #####..
 Petrify                  Tmut/Erth      #.......     98%         4    #####..
 Summon Ice Beast         Ice/Summ       #.......     98%         4    #####..
 Summon Lightning Spire   Summ/Air       #.......     98%         4    #####..
 Metabolic Englaciation   Hex/Ice        #.........   100%        5    ######.
 Yara's Violent Unravell  Hex/Tmut       #.........   100%        5    ######.


Dungeon Overview and Level Annotations

Branches:
Dungeon (9/15)             Temple (1/1) D:4             Orc (0/2) D:9
   Lair: D:8-11

Altars:
Ashenzari
Cheibriados
Dithmenos
Elyvilon
Fedhas
Gozag
Hepliaklqana
Kikubaaqudgha
Makhleb
Nemelex Xobeh
Okawaru
Qazlal
Ru
Sif Muna
Trog
Uskayaw
Vehumet
Wu Jian
Xom
Yredelemnul
Zin
The Shining One
Beogh

Shops:
D:4 ?   D:6 !

Annotations:
D:8 2 transporters


Innate Abilities, Weirdness & Mutations

You are too large for most types of armour.
You have claws for hands.
Your metabolism is lightning-fast.
You like to eat raw meat.
Your natural rate of healing is unusually fast.
You are covered in fur. (AC +1)
You have very tough skin. (AC +2)


Message History

You barely miss the yak.
The yak is heavily wounded.
The yak gores you!
* * * LOW HITPOINT WARNING * * *
You feel better. The yak gores you but does no damage.
You barely miss the yak.
The yak is heavily wounded.
The yak gores you but does no damage.
You barely miss the yak.
The yak is heavily wounded.
You claw the yak! x2
You kill the yak!
You claw the yak!
The yak is heavily wounded.
The yak gores you!
* * * LOW HITPOINT WARNING * * *
As you read the scroll of fear, it crumbles to dust.
You assume a fearsome visage.
The yak looks frightened!
The yak resists with some effort.
The yak gores you!
You die...

# ############## .
#.........@Y.#############.
#.#.......##.Y....†...†....
#.#.#####.###############..
#.#.# #..........{....Y..
#.#.# #################Z#
#.#.# #......# #.. #.#.#
#.####.# #.. #.#.# #.# #.#
#.. #.#.# #.# #.# ##..


You could see 2 yaks.

Vanquished Creatures
  A two-headed ogre (D:8)
  A troll (D:8)
  A spriggan (D:7)
  A hungry ghost (D:9)
  A wyvern (D:9)
  2 yaks (D:9)
  3 orc warriors
  2 phantoms
  2 sky beasts
  3 ogres
  4 centaurs
  2 big kobolds (D:8)
  2 bullfrogs
  A scorpion (D:7)
  3 killer bees (D:9)
  7 wights
  4 howler monkeys
  3 crimson imps
  3 jellies
  A quasit (D:9)
  A bullfrog zombie (D:6)
  Crazy Yiuf (D:3)
  4 orc priests
  A centaur skeleton (D:6)
  A gnoll shaman (D:5)
  A hound (D:8)
  2 iguanas
  Natasha (thrice) (D:2)
  4 orc wizards
  4 worker ants
  A hound zombie (D:5)
  A hound skeleton (D:7)
  14 adders
  7 gnolls
  A shadow imp (D:6)
  An ooze (D:5)
  An adder zombie (D:5)
  3 adder skeletons
  2 worms
  8 leopard geckos
  28 orcs
  8 giant cockroaches
  9 goblins
  6 hobgoblins
  3 jackals (D:7)
  12 kobolds
  4 quokkas
  4 bats
  3 frilled lizards
  2 quokka skeletons (D:4)
  6 rats
193 creatures vanquished.

Notes
Turn   | Place    | Note
-------+----------+-------------------------------------------
     0 | D:1      | Gildeon the Troll Fighter began the quest for the Orb.
     0 | D:1      | Reached XP level 1. HP: 22/22 MP: 0/0
   276 | D:1      | Reached XP level 2. HP: 29/29 MP: 1/1
   899 | D:2      | Reached XP level 3. HP: 25/36 MP: 2/2
   933 | D:2      | Found a hide-covered altar of Uskayaw.
   933 | D:2      | Noticed Natasha
   949 | D:2      | Killed Natasha
  1014 | D:2      | Noticed Natasha
  1022 | D:2      | Killed Natasha
  1022 | D:2      | Reached skill level 3 in Unarmed Combat
  1022 | D:2      | Reached XP level 4. HP: 40/45 MP: 3/3
  1223 | D:2      | Noticed Natasha
  1232 | D:2      | Killed Natasha
  1312 | D:2      | Found a deep blue altar of Sif Muna.
  1479 | D:3      | Reached XP level 5. HP: 40/53 MP: 4/4
  1721 | D:3      | Found a shadowy altar of Dithmenos.
  1812 | D:3      | Found a white marble altar of Elyvilon.
  1932 | D:3      | Found a runed door.
  1936 | D:3      | Noticed Crazy Yiuf
  1942 | D:3      | Killed Crazy Yiuf
  1942 | D:3      | Reached XP level 6. HP: 62/62 MP: 5/5
  2279 | D:4      | Found a staircase to the Ecumenical Temple.
  2291 | Temple   | Entered the Ecumenical Temple
  2306 | Temple   | Became a worshipper of Ashenzari the Shackled
  2396 | D:4      | Found Finait's Magic Scroll Shop.
  2402 | D:4      | Bought a scroll of identify for 20 gold pieces
  2402 | D:4      | Bought a scroll of identify for 20 gold pieces
  2402 | D:4      | Bought a scroll of identify for 20 gold pieces
  2412 | D:4      | Reached skill level 4 in Unarmed Combat
  2978 | D:5      | Entered Level 5 of the Dungeon
  2979 | D:5      | Noticed a sky beast
  3005 | D:4      | Killed a sky beast
  3068 | D:5      | Reached XP level 7. HP: 54/71 MP: 6/6
  3107 | D:5      | Reached skill level 5 in Unarmed Combat
  3549 | D:5      | Reached skill level 5 in Fighting
  3549 | D:5      | Reached skill level 5 in Dodging
  3691 | D:5      | Found a sparkling altar of Nemelex Xobeh.
  3729 | D:6      | Reached skill level 6 in Unarmed Combat
  3729 | D:6      | Reached XP level 8. HP: 76/80 MP: 7/7
  3776 | D:6      | Reached skill level 1 in Armour
  3909 | D:6      | Reached skill level 1 in Spellcasting
  4094 | D:6      | Found Icsirch's Distillery.
  4521 | D:7      | Reached skill level 7 in Unarmed Combat
  4626 | D:7      | Found a hazy altar of Hepliaklqana.
  4627 | D:7      | Found a shimmering altar of Xom.
  4628 | D:7      | Noticed a spectral ugly thing
  4675 | D:7      | Reached XP level 9. HP: 84/88 MP: 11/11
  4698 | D:7      | Reached * piety under Ashenzari
  5014 | D:7      | Learned a level 1 spell: Confusing Touch
  5035 | D:8      | Noticed a two-headed ogre
  5043 | D:8      | Killed a two-headed ogre
  5043 | D:8      | Reached skill level 8 in Unarmed Combat
  5111 | D:8      | Found a glowing golden altar of the Shining One.
  5166 | D:8      | Found an ornate altar of the Wu Jian Council.
  5274 | D:8      | Found a transporter.
  5279 | D:8      | Found a transporter.
  5330 | D:8      | Found a snail-covered altar of Cheibriados.
  5330 | D:8      | Found an ancient bone altar of Kikubaaqudgha.
  5352 | D:8      | Found a basalt altar of Yredelemnul.
  5353 | D:8      | Noticed a flayed ghost
  5490 | D:8      | Noticed a troll
  5498 | D:8      | Killed a troll
  5498 | D:8      | Reached skill level 5 in Armour
  5569 | D:8      | Found a burning altar of Makhleb.
  5570 | D:8      | Found an opulent altar of Gozag.
  5772 | D:9      | Reached XP level 10. HP: 96/96 MP: 14/14
  5787 | D:9      | Found an iron altar of Okawaru.
  5895 | D:9      | Found a staircase to the Orcish Mines.
  5919 | D:9      | Found a roughly hewn altar of Beogh.
  5969 | D:9      | Reached skill level 1 in Evocations
  6043 | D:9      | Reached skill level 9 in Unarmed Combat
  6274 | D:9      | Slain by a yak

Vault maps used:
D:1:      lordsloth_arrival_two_stooges, minmay_door_square, minmay_tromino_i2
D:2:      led_sif_pool, eat_drink_and_be_merry_uskayaw, uniq_natasha
D:3:      elyvilon_altar_5, lemuel_doored_altar, first_ration,
          uniq_crazy_yiuf_cottage
D:4:      minmay_temple_entry_statues_pillars, serial_shops, shop,
          kennysheep_nondescript
D:5:      marbit_many_paths, hangedman_abyss_or_decor_passed
D:6:      serial_shops, shop
D:7:      regret_index_temple_of_mockery, the_bakery
D:8:      gammafunk_temple_of_torment, kennysheep_mini,
          gammafunk_temple_overflow_statue, lemuel_round_altar,
          cheibriados_altar_1
D:9:      minmay_orc_entry_temple_small, okawaru_metal_pillars_1_2
Temple:   dpeg_three_leaves_temple

Skill      XL: |  1  2  3  4  5  6  7  8  9 10 |
---------------+-------------------------------+-----
Fighting       | 3 4 5 |  5.0
Dodging        | 3 4 5 |  5.0
Unarmed Combat | 3 4 6 7 8 9 |  9.2
Armour         | 3 5 |  5.0
Spellcasting   | 2 3 4 |  4.2
Evocations     | 1 |  1.9
Shields        | |  2.4

Action                   |  1- 3 |  4- 6 |  7- 9 | 10-12 || total
-------------------------+-------+-------+-------+-------++-------
Melee: Unarmed           |    78 |   174 |   289 |    85 ||   626
       Punch             |     1 |       |    12 |     2 ||    15
  Use: Scroll            |     4 |     6 |     7 |     2 ||    19
       Potion            |       |     2 |     4 |     2 ||     8
 Stab: Sleeping          |       |       |     1 |       ||     1
  Eat: Chunk             |     8 |    26 |    24 |     5 ||    63
       Ration            |       |       |       |     1 ||     1
Armor: Robe              |    33 |    67 |    72 |    19 ||   191
       Skin              |       |       |     9 |       ||     9
Dodge: Dodged            |    37 |    78 |   133 |    51 ||   299

Table legend:
 A = Non-vault XP
 B = Vault XP
 C = Vault XP percentage of total XP
 D = Non-vault monster count
 E = Vault monster count
 F = Vault count percentage of total count
                 A         B        C        D         E       F
            +---------+---------+-------+---------+---------+-------
      Total |    6259 |     614 |   8.9 |     180 |      13 |   6.7
            +---------+---------+-------+---------+---------+-------
        D:1 |      31 |       3 |   8.8 |      16 |       2 |  11.1
        D:2 |      99 |      35 |  26.1 |      10 |       1 |   9.1
        D:3 |     179 |      41 |  18.6 |      33 |       1 |   2.9
        D:4 |     218 |       0 |   0.0 |      15 |       0 |   0.0
        D:5 |     803 |       6 |   0.7 |      24 |       1 |   4.0
        D:6 |     913 |       0 |   0.0 |      22 |       0 |   0.0
        D:7 |     767 |     215 |  21.9 |      19 |       1 |   5.0
        D:8 |    2052 |       0 |   0.0 |      29 |       0 |   0.0
        D:9 |    1197 |     314 |  20.8 |      12 |       7 |  36.8
            +---------+---------+-------+---------+---------+-------
